AoeStats
← D.E.

Arena

509185029Analyzed
3v3 RM · 6d ago on Sep 25, 2026· 81m 20s· 6 players
Game mode
Random Map
Map size
Normal (6 player)
Population
200
Speed
Normal
Resources
Standard
Victory
Conquest
Starting age
Dark Age
Ending age
Imperial Age
RankedLock teamsTeams togetherTeam positionsShared explorationLock speedFull tech treeHidden civsTurbo modeCheats
Victory
Defeat
🇪🇬 Britons · Egypt
505
+14
🇲🇽 Teutons · Mexico
504
+14
🇬🇧 Tatars · United Kingdom
473
+16
🇩🇪 Celts · Germany
528
-17
🇳🇴 Goths · Norway
473
-15
🇬🇹 Chinese · Guatemala
406
-12
IsmaelAoE
1:42 Loom
14:49 Feudal Age
16:19 Double-Bit Axe
16:17 Horse Collar
19:54 Wheelbarrow
27:31 Castle Age
27:17 Bloodlines
27:21 Town Watch
28:42 Gold Mining
29:15 Bow Saw
30:15 Scale Barding Armor
31:49 Chain Barding Armor
32:59 Hand Cart
32:56 Heavy Plow
36:55 Ironclad
38:32 Stone Mining
38:04 Pikeman
38:45 Squires
38:30 Gambesons
38:30 Arson
38:45 Squires
41:05 Stone Shaft Mining
43:10 Imperial Age
42:59 Scale Mail Armor
43:19 Capped Ram
43:39 Cavalier
45:31 Two-Man Saw
45:43 Crop Rotation
48:21 Paladin
49:41 Elite Teutonic Knight
51:49 Hoardings
51:38 Conscription
50:51 Sappers
54:12 Crenellations
54:35 Halberdier
56:16 Fortified Wall
55:52 Arrowslits
57:08 Chemistry
56:30 Ballistics
57:03 Town Patrol
59:06 Heated Shot
59:27 Masonry
59:23 Siege Engineers
71:00 Caravan
71:31 Coinage
71:12 Guilds
70:56 Guard Tower
71:11 Siphons
71:28 Bombard Tower
71:27 Block Printing
77:38 Heavy Scorpion
77:41 Onager
80:22 Banking
81:19 Siege Onager
g_c_matthews_2000
1:43 Loom
11:59 Feudal Age
12:35 Double-Bit Axe
12:46 Horse Collar
15:54 Wheelbarrow
19:41 Castle Age
17:57 Gold Mining
18:51 Stone Mining
19:38 Fletching
21:15 Gold Shaft Mining
21:00 Bow Saw
21:39 Heavy Plow
21:53 Husbandry
22:23 Town Watch
22:52 Bodkin Arrow
24:12 Treadmill Crane
24:29 Murder Holes
25:04 Scale Barding Armor
25:44 Forging
29:23 Iron Casting
29:36 Bloodlines
30:38 Chain Barding Armor
30:57 Hand Cart
36:07 Imperial Age
34:44 Fortified Wall
37:57 Blast Furnace
37:01 Bracer
37:28 Conscription
37:15 Cavalier
46:22 Scale Mail Armor
46:25 Padded Archer Armor
47:40 Herbal Medicine
48:34 Timurid Siegecraft
49:48 Elite Keshik
52:00 Plate Barding Armor
51:52 Ballistics
51:41 Siege Engineers
55:04 Crop Rotation
61:57 Silk Armor
63:33 Heavy Cavalry Archer
64:45 Leather Archer Armor
65:59 Town Patrol
71:48 Masonry
72:40 Chemistry
71:08 Light Cavalry
samko.keta
0:53 Loom
11:07 Feudal Age
12:17 Double-Bit Axe
15:17 Gold Mining
15:18 Stone Mining
25:18 Castle Age
23:39 Horse Collar
24:01 Fletching
24:12 Padded Archer Armor
27:56 Wheelbarrow
27:06 Town Watch
28:07 Gold Shaft Mining
27:45 Bow Saw
27:37 Heavy Plow
29:06 Hand Cart
28:51 Town Patrol
31:13 Ballistics
30:35 Treadmill Crane
30:52 Murder Holes
33:46 Masonry
33:51 Fortified Wall
38:43 Imperial Age
36:15 Town Patrol
37:28 Bodkin Arrow
37:49 Leather Archer Armor
40:09 Conscription
40:29 Yeomen
40:11 Bracer
40:46 Ring Archer Armor
41:34 Architecture
42:26 Chemistry
43:39 Siege Engineers
44:59 Two-Man Saw
45:24 Elite Longbowman
46:29 Warwolf
47:05 Hoardings
53:42 Guilds
JoseTan7238
1:52 Loom
13:08 Feudal Age
16:54 Horse Collar
21:57 Arson
21:33 Man-at-Arms
24:46 Castle Age
25:21 Gold Mining
25:28 Stone Mining
25:29 Double-Bit Axe
29:52 Stone Shaft Mining
29:55 Gold Shaft Mining
29:23 Heavy Plow
34:55 Wheelbarrow
34:07 Town Watch
38:02 Imperial Age
36:08 Husbandry
36:19 Bloodlines
35:29 Light Cavalry
36:13 Squires
35:33 Pikeman
37:40 Hand Cart
40:11 Forging
40:02 Scale Mail Armor
40:08 Scale Barding Armor
39:54 Fletching
40:05 Padded Archer Armor
40:19 Bow Saw
40:21 Elite Chu Ko Nu
41:02 Great Wall
44:11 Two-Man Saw
43:57 Iron Casting
43:38 Chain Mail Armor
43:44 Chain Barding Armor
43:20 Bodkin Arrow
44:06 Leather Archer Armor
43:55 Caravan
44:25 Coinage
44:21 Ballistics
45:02 Chemistry
47:09 Blast Furnace
46:40 Plate Mail Armor
46:45 Banking
46:11 Guard Tower
46:32 Fortified Wall
46:18 Murder Holes
46:34 Masonry
46:17 Heated Shot
46:05 Elite Fire Lancer
46:18 Heavy Rocket Cart
Earthwurmjimm
13:06 Feudal Age
16:01 Wheelbarrow
15:43 Double-Bit Axe
21:01 Castle Age
19:23 Gold Mining
20:12 Horse Collar
20:59 Scale Mail Armor
21:17 Forging
22:50 Chain Mail Armor
24:53 Bow Saw
25:32 Man-at-Arms
33:56 Caravan
34:27 Coinage
33:27 Pikeman
34:08 Squires
48:01 Long Swordsman
51:00 Iron Casting
50:47 Hand Cart
52:48 Anarchy
57:10 Imperial Age
59:03 Perfusion
58:26 Elite Huskarl
58:45 Halberdier
69:09 Two-Handed Swordsman
82:20 Blast Furnace
81:51 Conscription
81:31 Loom
81:32 Town Watch
D.E.
11:53 Feudal Age
12:19 Double-Bit Axe
12:22 Horse Collar
13:21 Wheelbarrow
20:46 Castle Age
22:29 Hand Cart
22:19 Heavy Plow
22:30 Town Watch
22:44 Gold Mining
22:47 Stone Mining
25:06 Scale Barding Armor
25:12 Forging
27:19 Gold Shaft Mining
27:21 Stone Shaft Mining
27:31 Bow Saw
28:35 Iron Casting
35:09 Imperial Age
36:02 Cavalier
36:11 Heavy Scorpion
38:18 Caravan
39:09 Conscription
40:12 Ballistics
39:50 Murder Holes
39:44 Onager
42:30 Chain Barding Armor
43:11 Blast Furnace
42:13 Scale Mail Armor
42:04 Pikeman
44:20 Chemistry
46:44 Halberdier
48:08 Stronghold
50:03 Chain Mail Armor
53:29 Siege Onager
Connection lost

Rejoining the realm…

Still unreachable

The connection could not be restored.

Session expired

The server has moved on; the page needs a fresh start.